 Dungeon Crawl Stone Soup version 0.27-a0-1140-g099f9bb0e8 (webtiles) character file.

Game seed: 17982957974209319319

263 freelancePsychic the Chopper (level 6, 0/56 HPs)
             Began as a Hill Orc Abyssal Knight on May 9, 2021.
             Was a Believer of Lugonu.
             Killed by nerve-wracking pain
             ... invoked by Grinder
              (12 damage)
             ... while paralysed by Grinder
             ... on level 3 of the Dungeon.
             The game lasted 00:08:37 (4242 turns).

freelancePsychic the Chopper (HOAK)                 Turns: 4242, Time: 00:08:37

Health: 0/56       AC: 35    Str: 23    XL:     6   Next: 19%
Magic:  9/9        EV:  2    Int: 12    God:    Lugonu [**....]
Gold:   117        SH:  0    Dex: 10    Spells: 5/5 levels left

rFire    . . .     SeeInvis .   a - +2 hand axe (freeze)
rCold    . . .     Faith    .   (no shield)
rNeg     . . .     Spirit   .   n - +27 Lear's hauberk
rPois    .         Reflect  .   (helmet currently unavailable)
rElec    .         Harm     .   (no cloak)
rCorr    .         Rampage  .   (gloves currently unavailable)
Will     .....                  (boots currently unavailable)
Stlth    ..........             (no amulet)
HPRegen  0.18/turn              k - +6 ring of strength
MPRegen  0.11/turn              (no ring)

@: paralysed
A: no striking features
a: Renounce Religion, Depart the Abyss, Bend Space


You were on level 3 of the Dungeon.
You worshipped Lugonu.
Lugonu was pleased with you.
You visited 2 branches of the dungeon, and saw 5 of its levels.
You visited the Abyss 1 time.

You collected 117 gold pieces.

Inventory:

Hand Weapons
 a - a +2 hand axe of freezing (weapon)
Armour
 b - a +0 leather armour
 d - a +0 plate armour
 n - the +27 Lear's hauberk (worn)
   (You found it on level 4 of the Dungeon)
Magical Staves
 j - a staff of death
Jewellery
 k - a +6 ring of strength (left hand)
Scrolls
 c - 2 scrolls of teleportation {@r4}
 f - 3 scrolls of fear {unknown}
 g - a scroll of blinking
 h - a scroll of summoning


   Skills:
 + Level 5.1 Fighting
 * Level 6.2 Axes
 - Level 2.1 Armour
 - Level 0.7 Dodging
 + Level 4.5 Invocations


You had 5 spell levels left.
You didn't know any spells.
Your spell library was empty.

Dungeon Overview and Level Annotations

Branches:
Dungeon (4/15)             Temple (1/1) D:4

Altars:
Cheibriados
Dithmenos
Elyvilon
Makhleb
Nemelex Xobeh
Okawaru
Qazlal
Ru
Sif Muna
Vehumet
Xom
Zin

Shops:
D:2 =

Annotations:
D:3 Grinder


Message History

Grinder gestures at you. Pain shoots through your body!
You hit Grinder but do no damage.
Grinder is almost dead.
Grinder gestures at you. You resist with significant effort.
You closely miss Grinder.
Grinder is almost dead.
Grinder gestures at you. You resist with significant effort.
You completely miss Grinder.
Grinder is almost dead.
Grinder hits you but does no damage.
You closely miss Grinder.
Grinder is almost dead.
Grinder hits you but does no damage.
You barely miss Grinder.
Grinder is almost dead.
Grinder hits you but does no damage.
You closely miss Grinder.
Grinder is almost dead.
Grinder hits you.
You writhe in agony.
You barely miss Grinder.
Grinder is almost dead.
Grinder closely misses you.
You closely miss Grinder.
Grinder is almost dead.
Grinder blinks!
Grinder gestures at you.
You suddenly lose the ability to move!
Grinder says, "FISH!"
Grinder gestures at you. You resist with significant effort.
Grinder gestures at you. Pain shoots through your body!
* * * LOW HITPOINT WARNING * * *
Grinder blinks!
Grinder gestures at you. Pain shoots through your body!
You die...

#
#..#.###.##>....##.###.###.###
#
#........###..[###.###.......#
# #.##.##### ##.##
#.o.....#.#.# # #.##.# #.#
#####o#.#.#.# ###.##.# #.#
#.....#.# .......# ##'##
#.#.###.# ###.#### ##...##
#.#.###.# #.### ##?..).##
#.......# #.#.## #....@5.#
#.......#
#....####.........####....##.##
#.<.....+.........'............
#....####...$=....####.....#.##
#.#.## ##.......## #.......#
#.### ##.....## ##...#### #..#
##...## ##.## ##.# ##+## #.#
#.# #.##########.#


You could see Grinder.

Vanquished Creatures
  A scorpion (D:4)
  Jessica (D:3)
  Terence (D:3)
  An orc wizard (D:4)
  4 adders
  A shadow imp (D:4)
  2 worms (D:3)
  4 dart slugs
  6 orcs
  6 endoplasms
  6 giant cockroaches
  5 hobgoblins
  4 jackals (D:2)
  9 kobolds
  4 quokkas
  2 ball pythons (D:1)
  3 bats
  2 frilled lizards
  3 goblins (D:2)
  8 rats
73 creatures vanquished.

Notes
Turn   | Place    | Note
-------+----------+-------------------------------------------
     0 | Abyss:1  | freelancePsychic the Hill Orc Abyssal Knight began the
                  | quest for the Orb.
     0 | Abyss:1  | Reached XP level 1. HP: 19/19 MP: 2/2
    41 | D:1      | Escaped the Abyss
   405 | D:1      | Reached skill level 3 in Axes
   422 | D:1      | Reached XP level 2. HP: 26/27 MP: 4/4
   958 | D:1      | Reached XP level 3. HP: 33/33 MP: 5/5
  1140 | D:2      | Reached ** piety under Lugonu
  1141 | D:2      | Reached skill level 4 in Axes
  1284 | D:2      | Found a faded altar of an unknown god.
  1288 | D:2      | Found Gasopura's Jewellery Boutique.
  1359 | D:2      | Reached XP level 4. HP: 8/40 MP: 6/6
  2136 | D:3      | Noticed Terence
  2162 | D:3      | Killed Terence
  2163 | D:3      | Reached skill level 5 in Axes
  2163 | D:3      | Reached XP level 5. HP: 29/47 MP: 7/7
  2358 | D:3      | Noticed Jessica
  2401 | D:3      | Killed Jessica
  2769 | D:4      | Found a staircase to the Ecumenical Temple.
  2787 | Temple   | Entered the Ecumenical Temple
  3390 | D:4      | Found the +27 Lear's hauberk
  3466 | D:4      | Reached XP level 6. HP: 34/55 MP: 9/9
  3519 | D:4      | Reached skill level 5 in Fighting
  3519 | D:4      | Reached skill level 6 in Axes
  4203 | D:3      | Noticed Grinder
  4236 | D:3      | Paralysed by Grinder for 7 turns
  4242 | D:3      | Killed from afar by Grinder

Illustrated notes

Levels and vault maps discovered:
D:1:      eino_arrival_cavern_a, layout_loops_ring, minivault_27
D:2:      layout_rooms, serial_shops,
          nicolae_shop_temple_entry_statues_fountains,
          ebering_ecumenical_altar_webs
D:3:      layout_loops_corners, uniq_grinder, uniq_jessica, uniq_terence
D:4:      layout_basic, minmay_temple_entry_junction_2
Temple:   regret_index_temple_sigil_plot

Skill      XL: |  1  2  3  4  5  6 |
---------------+-------------------+-----
Axes           | 3 4 5 6 |  6.2
Invocations    | 3 4 |  4.5
Fighting       | 4 5 |  5.1
Armour         | |  2.1
Dodging        | |  0.7

Action                   |  1- 3 |  4- 6 || total
-------------------------+-------+-------++-------
Melee: Hand axe          |   127 |   202 ||   329
  Use: Potion            |     1 |     2 ||     3
       Scroll            |       |     9 ||     9
Armor: Plate armour      |    86 |    83 ||   169
       Chain mail        |       |    38 ||    38
       Skin              |       |     3 ||     3
Dodge: Dodged            |    26 |    55 ||    81

Table legend: (Time is in decaauts)
 A = Elapsed time spent in this place.
 B = Non-inter-level travel time spent in this place.
 C = Inter-level travel time spent in this place.
 D = Time resting spent in this place.
 E = Time spent auto-exploring this place.
 F = Levels seen in this place.
 G = Mean time per level.
                   A        B        C        D        E       F      G
               +--------+--------+--------+--------+--------+-----+--------+
         Total |   4262 |   4214 |     48 |   1363 |   2110 |   6 |  710.3 |
       Dungeon |   3783 |   3755 |     28 |    983 |   2048 |   4 |  945.8 |
        Temple |    438 |    418 |     20 |    380 |     26 |   1 |  438.0 |
         Abyss |     41 |     41 |      0 |      0 |     36 |   1 |   41.0 |
               +--------+--------+--------+--------+--------+-----+--------+

Top non-repeatable levels by time:
     D:3: 1457 daAuts
     D:1: 1069 daAuts
     D:2: 876 daAuts
  Temple: 438 daAuts
     D:4: 380 daAuts
 Abyss:1: 41 daAuts
